 Dungeon Crawl Stone Soup version 0.28.0-53-g5a82cb258f (webtiles) character file.

Game seed: 8380344608123442071

690 protoss039 the Skirmisher (level 7, 21/55 HPs)
             Began as a Demonspawn Earth Elementalist on June 2, 2022.
             Got out of the dungeon alive.
             The game lasted 00:08:41 (4747 turns).

protoss039 the Skirmisher (DsEE)                    Turns: 4747, Time: 00:08:42

Health: 21/55      AC:  4    Str:  9    XL:     7   Next: 36%
Magic:  12/12      EV: 11    Int: 18    God:
Gold:   117        SH:  0    Dex: 13    Spells: 4/12 levels left

rFire   . . .      SeeInvis .   a - +1 short sword (venom)
rCold   . . .      Faith    .   (no shield)
rNeg    . . .      Spirit   .   k - +0 leather armour
rPois   .          Reflect  .   (no helmet)
rElec   .          Harm     .   (no cloak)
rCorr   .          Rampage  .   l - +0 pair of gloves
Will    .....                   (no boots)
Stlth   ++........              (no amulet)
HPRegen 0.18/turn               (no ring)
MPRegen 0.13/turn               (no ring)

@: no status effects
A: demonic guardian 1, ignite blood 2
a: no special abilities


You escaped.
You visited 2 branches of the dungeon, and saw 5 of its levels.
You also visited: Ossuary.

You collected 117 gold pieces.

Inventory:

Hand Weapons
 a - a +1 short sword of venom (weapon)
Missiles
 c - 5 stones
Armour
 k - a +0 leather armour (worn)
 l - a +0 pair of gloves (worn)
Scrolls
 g - a scroll of identify
 h - 2 scrolls of teleportation
 j - a scroll of amnesia
 m - a scroll of enchant weapon {unknown}


   Skills:
 * Level 4.4 Fighting
 + Level 2.6 Armour
 - Level 1.7 Dodging
 - Level 1.7 Stealth
 + Level 3.4 Spellcasting
 + Level 3.1 Conjurations
 - Level 1.0 Transmutations
 + Level 4.0 Earth Magic


You had 4 spell levels left.
You knew the following spells:

 Your Spells              Type           Power      Damage    Failure   Level
a - Sandblast             Erth           34%        2d9       4%          1
b - Passwall              Tmut/Erth      10%        N/A       12%         2
c - Stone Arrow           Conj/Erth      32%        3d9       14%         3
d - Static Discharge      Conj/Air       8%         N/A       17%         2

Your spell library contained the following spells:

 Spells                   Type           Power      Damage    Failure   Level
 Petrify                  Tmut/Erth      12%        N/A       58%         4
 Sticky Flame             Conj/Fire      8%         2d3       73%         4
 Dispel Undead            Necr           3%         3d7       91%         4


Dungeon Overview and Level Annotations

Branches:
Dungeon (4/15)             Temple (1/1) D:4         Ossuary (visited)

Altars:
Ashenzari
Dithmenos
Gozag
Hepliaklqana
Kikubaaqudgha
Makhleb
Nemelex Xobeh
Okawaru
Ru
Sif Muna
Trog
Wu Jian
Zin
The Shining One

Annotations:
D:3 Robin
D:4 Eustachio


Innate Abilities, Weirdness & Mutations

A weak demonic guardian rushes to your aid.
Your demonic aura often causes spilled blood to erupt in flames.


Message History

Sigmund barely misses you.
Your quasit bites Sigmund but does no damage.
Your quasit closely misses Sigmund.
Your quasit claws Sigmund but does no damage.
Unknown command.
You hit Sigmund.
Sigmund looks as sick as possible!
Sigmund is heavily wounded.
Your quasit bites Sigmund but does no damage.
Your quasit claws Sigmund but does no damage.
Your quasit claws Sigmund.
Sigmund is engulfed in blazing flames.
You kill Sigmund!
Your Conjurations skill increases to level 3!
Your Earth Magic skill increases to level 4!
Things that are here:
a +0 scythe; a +0 robe; the human corpse of Sigmund Unknown command.
Press: ? - help, v - describe, . - travel, g - get item
Items here: a +0 scythe; a +0 robe; the human corpse of Sigmund.
The floor, spattered with blood.
There is a cloud of flame here.
Unknown command.
There is a stone staircase leading up, spattered with blood here.
You climb upwards.
Your summoned ally is left behind.
Level annotation: Robin
There is a stone staircase leading down here.
Unknown command.
(D) Dungeon (T) Temple
Where to? (Enter - D:4 @ (x,y), ? - help)
What level of the Dungeon? (default 1, ? - help)
There is a stone staircase leading up here.
You climb upwards.
There is a stone staircase leading down here.
Magic restored.
There is a stone staircase leading up here.
You climb upwards.
There is a stone staircase leading down here.
You can't go up here!
There is a staircase leading out of the dungeon here.
Are you sure you want to leave the Dungeon?
This will make you lose the game!
You have escaped!

.....#.####.......#######.......#
####...##......###.......###.....
.......#....###.............###..
#####.##...#......#######......#.
#####.#...#.....### ###.....#
...##.#...#....## ##....#
...##.#...#....## ##....#
...##.#...#.....### ###.....#
...##.##...#....@.#######......#.
...##..#....###.............###..
...###.##......###.......###.....
........###.......#######.......#
..........#####.............#####
........#..†..###############...#
........#####............†....#.#
......### ###################..
.###### ##.


There were no monsters in sight!

Vanquished Creatures
  Sigmund (D:4)
  A water moccasin (D:3)
  A black bear (D:4)
  A necrophage (D:4)
  A scorpion (Ossuary)
  2 hounds
  A human zombie (Ossuary)
  An orc priest (D:3)
  A mummy (D:4)
  An adder (D:3)
  2 worms
  2 orcs
  6 bats
  3 endoplasms
  A giant cockroach (D:2)
  12 goblins
  4 hobgoblins
  3 jackals (D:1)
  2 kobolds
  3 quokkas
  4 ball pythons
  A frilled lizard (D:2)
  A hobgoblin zombie (D:4)
  An orc zombie (D:4)
  5 rats
61 creatures vanquished.

Notes
Turn   | Place    | Note
-------+----------+-------------------------------------------
     0 | D:1      | protoss039 the Demonspawn Earth Elementalist began the
                  | quest for the Orb.
     0 | D:1      | Reached XP level 1. HP: 13/13 MP: 3/3
    98 | D:1      | Reached skill level 1 in Transmutations
   664 | D:1      | Gained mutation: Your demonic aura sometimes causes spilled
                  | blood to erupt in flames. [demonic ancestry]
   664 | D:1      | Reached XP level 2. HP: 15/20 MP: 0/5
   684 | D:1      | Reached skill level 1 in Fighting
  1288 | D:1      | Learned a level 2 spell: Passwall
  1925 | D:2      | Reached XP level 3. HP: 13/26 MP: 4/6
  2420 | D:2      | Learned a level 3 spell: Stone Arrow
  2644 | D:3      | Noticed Robin
  2668 | D:3      | Reached skill level 1 in Armour
  3301 | D:3      | Found an ornate altar of the Wu Jian Council.
  3486 | D:3      | Noticed a water moccasin
  3521 | D:3      | Killed a water moccasin
  3522 | D:3      | Reached skill level 1 in Conjurations
  3522 | D:3      | Gained mutation: Your demonic aura often causes spilled
                  | blood to erupt in flames. [demonic ancestry]
  3522 | D:3      | Reached XP level 4. HP: 5/34 MP: 0/7
  3522 | D:3      | Reached XP level 5. HP: 6/39 MP: 0/8
  4073 | D:3      | Learned a level 2 spell: Static Discharge
  4078 | D:4      | Found a staircase to the Ecumenical Temple.
  4079 | D:4      | Noticed a necrophage
  4238 | D:4      | Noticed a black bear
  4241 | D:4      | Noticed Sigmund
  4274 | Temple   | Entered the Ecumenical Temple
  4375 | D:4      | Killed a necrophage
  4376 | D:4      | Reached XP level 6. HP: 35/47 MP: 5/10
  4396 | D:4      | Noticed Eustachio
  4486 | D:4      | Found a sand-covered staircase.
  4520 | Ossuary  | Entered an ossuary
  4632 | Ossuary  | Gained mutation: A weak demonic guardian rushes to your
                  | aid. [demonic ancestry]
  4632 | Ossuary  | Reached XP level 7. HP: 19/54 MP: 2/11
  4665 | D:4      | Killed Sigmund
  4747 | D:$      | Got out of the dungeon alive.

Illustrated notes

Levels and vault maps discovered:
D:1:      dpeg_arrival_oval, layout_basic
D:2:      layout_loops_cross
D:3:      layout_loops_ring, nicolae_wu_jian_wuxing_cycle,
          hangedman_glass_teeth, uniq_robin
D:4:      layout_loops_cross, minmay_temple_entry_proselytizer,
          nicolae_ossuary_entry_giza, uniq_sigmund, uniq_eustachio,
          uniq_crazy_yiuf_cottage
Temple:   cyrus_circular_temple

Skill      XL: |  1  2  3  4  5  6  7 |
---------------+----------------------+-----
Transmutations | 1 |  1.0
Fighting       | 1 2 3 4 |  4.4
Earth Magic    | 3 4 |  4.0
Armour         | 1 2 |  2.6
Conjurations   | 1 2 3 |  3.1
Spellcasting   | 3 |  3.4
Dodging        | |  1.7
Stealth        | |  1.7

Action                   |  1- 3 |  4- 6 |  7- 9 || total
-------------------------+-------+-------+-------++-------
Melee: Dagger            |   155 |       |       ||   155
       Unarmed           |     3 |       |       ||     3
       Punch             |     4 |       |       ||     4
       Short sword       |    14 |    33 |     4 ||    51
 Cast: Sandblast         |    41 |    17 |       ||    58
       Stone Arrow       |     2 |     7 |       ||     9
  Use: Scroll            |     1 |     3 |       ||     4
       Potion            |     1 |     2 |       ||     3
 Stab: Sleeping          |     2 |     1 |       ||     3
       Distracted        |       |     1 |       ||     1
Armor: Robe              |    33 |       |       ||    33
       Leather armour    |    34 |    13 |       ||    47
Dodge: Dodged            |   131 |    17 |     2 ||   150
